 Dungeon Crawl Stone Soup version 0.31-a0-18-gea43df2a32 (webtiles) character file.

Game seed: 11689983880434277423

247 Dittersdorf the Shield-Bearer (level 6, -2/39 HPs)
             Began as a Gargoyle Fighter on May 10, 2023.
             Slain by a bullfrog (3 damage)
             ... in a sewer.
             The game lasted 00:06:50 (2489 turns).

Dittersdorf the Shield-Bearer (Gargoyle Fighter)    Turns: 2489, Time: 00:06:50

Health: -2/39      AC: 11    Str: 28    XL:     6   Next: 11%
Magic:  6/6        EV:  9    Int:  8    God:
Gold:   194        SH:  4    Dex:  9    Spells: 5/5 levels left

rFire   . . .        a - +0 flail (venom)
rCold   + . .        c - +0 buckler
rNeg    + . .        b - +0 scale mail
rPois   ∞            (no helmet)
rElec   +            (no cloak)
rCorr   .            (no gloves)
SInv    .            (no boots)
Will    .....        (no amulet) Stlth
                     m - +6 ring of strength
HPRegen 0.26/turn    s - ring of protection from cold
MPRegen 0.10/turn

%: no passive effects
@: no status effects
A: sickness immunity, AC +4, negative energy resistance 1, electricity
resistance, torment resistance 1, petrification resistance
a: no special abilities


You were in a sewer.
You visited 1 branch of the dungeon, and saw 3 of its levels.
You also visited: Sewer.

You collected 194 gold pieces.

Inventory:

Hand Weapons
 a - a +0 flail of venom (weapon)
Missiles
 k - 3 poisoned darts (quivered)
Armour
 b - a +0 scale mail (worn)
 c - a +0 buckler (worn)
 n - a +0 plate armour
Jewellery
 m - a +6 ring of strength (left hand)
 s - a ring of protection from cold (right hand)
Scrolls
 q - a scroll of fog
Potions
 d - 5 potions of might
 f - 3 potions of resistance
 h - a potion of ambrosia {unknown}
 j - 3 potions of haste {unknown}
 l - a potion of curing


   Skills:
 + Level 4.5 Fighting
 + Level 3.5 Maces & Flails
 + Level 4.5 Armour
 + Level 4.6 Shields


You had 5 spell levels left.
You didn't know any spells.
Your spell library contained the following spells:

 Spells                   Type           Power      Damage    Failure   Level
 Wereblood                Tmut           0%         N/A       85%         2
 Summon Hydra             Summ           0%         N/A       100%        7
 Sublimation of Blood     Necr           Unusable   N/A       N/A         2

Dungeon Overview and Level Annotations

Branches:
Dungeon (3/15)              Sewer (1/1)

Altars:
Zin

Shops:
D:3 (


Innate Abilities, Weirdness & Mutations

You are immune to sickness and miasma.
Your stone body is resilient. (AC +4)
You are immune to poison.
You resist negative energy. (rN+)
You are resistant to electric shocks. (rElec)
You are resistant to unholy torment.
You are immune to petrification.


Message History

You are too injured to fight recklessly!
You are too injured to fight recklessly!
You are too injured to fight recklessly!
You hit the bullfrog.
You kill the bullfrog!
You block the bullfrog's attack.
The bullfrog hits you but does no damage.
You have reached level 6!
You completely miss the bullfrog. The bullfrog completely misses you.
The bullfrog barely misses you.
You barely miss the bullfrog. The bullfrog hits you. x2
* * * LOW HITPOINT WARNING * * *
You sock the bullfrog!
The bullfrog is moderately wounded.
The bullfrog hits you.
* * * LOW HITPOINT WARNING * * *
The bullfrog barely misses you.
You miss the bullfrog.
The bullfrog is moderately wounded.
The bullfrog barely misses you.
You barely miss the bullfrog.
The bullfrog is moderately wounded.
The bullfrog hits you.
* * * LOW HITPOINT WARNING * * *
The bullfrog hits you but does no damage.
You closely miss the bullfrog.
The bullfrog is moderately wounded.
The bullfrog hits you but does no damage. x2
You barely miss the bullfrog.
The bullfrog is moderately wounded.
The bullfrog barely misses you. x2
You closely miss the bullfrog.
The bullfrog is moderately wounded.
The bullfrog hits you but does no damage.
The bullfrog hits you.
* * * LOW HITPOINT WARNING * * *
You thump the bullfrog!
The bullfrog is poisoned.
The bullfrog is almost dead.
The bullfrog hits you.
You die...

#~~.#~~.†~~~~.~~#~.~#.∩#
#.~##.~.#####~~~##.~#†.#
##.~#~.~##≈≈≈##~~.#~~##.##
#~~.#~~##≈≈~≈≈##~~#~.~#..#
#~†##~~#≈≈~~~≈≈#~~###.#.~#
#~~#.~##≈≈~~~~≈##~~~#~#~~#
#~.#†~#≈≈~~~~~~≈#.~∩#.#~.#
#~~#~~#≈≈~F.~~~≈#~~~#~#~~#
#.~#~~#≈~~@.~~~~#~~##~#.~#
#~.#~~#≈~.??~~~~#~.#~~#†~#
#~~#~~#≈~./$.~†~#.~#.~#~~#
#~~#~†##≈.."..~##..#~~~~.#
#~~##.†#≈~~.~~..††.#~.~~~#
#~.~#~~##≈~~~~~.~###~~~~~#
##~~#~~~##≈~~~~###~#######
#~~##~~.#######~~~~~#
#~.~#~~~.~~.~~~~†~~~#


You could see a bullfrog (very poisoned).

Vanquished Creatures
  A bullfrog (Sewer)
  4 adders
  2 worms (D:3)
  2 dart slugs
  6 orcs (D:3)
  21 endoplasms
  8 giant cockroaches
  8 hobgoblins
  4 jackals (D:2)
  5 kobolds
  15 quokkas
  16 ball pythons
  5 bats
  16 frilled lizards
  4 goblins
  6 rats
123 creatures vanquished.

Notes
Turn   | Place    | Note
-------+----------+-------------------------------------------
     0 | D:1      | Dittersdorf the Gargoyle Fighter began the quest for the
                  | Orb.
     0 | D:1      | Reached XP level 1. HP: 14/14 MP: 1/1
   195 | D:1      | Reached XP level 2. HP: 19/19 MP: 2/2
   619 | D:1      | Reached XP level 3. HP: 17/23 MP: 3/3
  1352 | D:2      | Identified the +7 short sword "Catait" {antimagic, rC+}
  1364 | D:2      | Reached XP level 4. HP: 29/29 MP: 4/4
  1898 | D:3      | Found a glowing silver altar of Zin.
  1952 | D:3      | Found Gief's Weapon Shoppe.
  2042 | D:3      | Found a glowing drain.
  2057 | Sewer    | Entered a sewer
  2170 | Sewer    | Reached XP level 5. HP: 27/33 MP: 5/5
  2481 | Sewer    | Reached XP level 6. HP: 14/39 MP: 6/6
  2488 | Sewer    | HP: 1/39 [bullfrog (4)]
  2489 | Sewer    | Slain by a bullfrog

Illustrated notes

Levels and vault maps discovered:
D:1:      grunt_arrival_crossed_arrows, layout_basic, dk_noncrumbling_2,
          grunt_decor_arrowhead, minmay_misc_feat_more_columns
D:2:      layout_basic, minmay_tall_x
D:3:      wad_crossroads, layout_basic, zin_academy, serial_aquarium,
          aquarium_bridge_square [aquarium_subvault_bridge,
          aquarium_subvault_balcony, aquarium_subvault_wall,
          aquarium_subvault_bridge], aquarium_window_1, aquarium_window_1,
          aquarium_view_2d, cheibrodos_sewer_entry_bend, serial_shops, shop,
          minmay_fractal_squares_diagonal_5
Sewer:    sewer_frog_island_02

Skill      XL: |  1  2  3  4 |
---------------+-------------+-----
Shields        | 4 |  4.6
Armour         | 4 |  4.5
Fighting       | 4 |  4.5
Maces & Flails | 3 |  3.5

Action                     |  1- 3 |  4- 6 || total
---------------------------+-------+-------++-------
  Melee: Flail             |   132 |   229 ||   361
    Use: Scroll            |     2 |    10 ||    12
 Armour: Scale mail        |    59 |   147 ||   206
  Dodge: Dodged            |    52 |   122 ||   174
  Block: Buckler           |    23 |    57 ||    80

Table legend: (Time is in decaauts)
 A = Elapsed time spent in this place.
 B = Non-inter-level travel time spent in this place.
 C = Inter-level travel time spent in this place.
 D = Time resting spent in this place.
 E = Time spent auto-exploring this place.
 F = Levels seen in this place.
 G = Mean time per level.
                   A        B        C        D        E       F      G
               +--------+--------+--------+--------+--------+-----+--------+
         Total |   2639 |   2564 |     75 |     47 |   1313 |   4 |  659.8 |
       Dungeon |   2120 |   2045 |     75 |      4 |   1207 |   3 |  706.7 |
         Sewer |    519 |    519 |      0 |     43 |    106 |   1 |  519.0 |
               +--------+--------+--------+--------+--------+-----+--------+

Top non-repeatable levels by time:
     D:1: 1060 daAuts
     D:2: 584 daAuts
   Sewer: 519 daAuts
     D:3: 476 daAuts
